 Dungeon Crawl Stone Soup version 0.28-a0-194-g42b4daccc1 (webtiles) character file.

Game seed: 3704718833883504116

80 bande the Shield-Bearer (level 4, -4/28 HPs)
             Began as a Gargoyle Fighter on Aug 19, 2021.
             Slain by Blork the orc (12 damage)
             ... on level 4 of the Dungeon.
             The game lasted 00:04:49 (2918 turns).

bande the Shield-Bearer (Gargoyle Fighter)          Turns: 2918, Time: 00:04:49

Health: -4/28      AC: 13    Str: 19    XL:     4   Next: 39%
Magic:  4/4        EV:  7    Int:  9    God:
Gold:   102        SH:  8    Dex: 10    Spells: 3/3 levels left

rFire   . . .      SeeInvis +   a - +1 war axe
rCold   . . .      Faith    .   c - +0 kite shield
rNeg    + . .      Spirit   .   b - +0 scale mail
rPois   ∞          Reflect  .   (no helmet)
rElec   +          Harm     .   f - +2 cloak
rCorr   .          Rampage  .   (no gloves)
Will    .....                   (no boots)
Stlth   ..........              (no amulet)
HPRegen 0.09/turn               e - ring of see invisible
MPRegen 0.09/turn               (no ring)

@: no status effects
A: sickness immunity, AC +3, negative energy resistance 1, electricity
resistance, torment resistance 1, petrification resistance
a: no special abilities


You were on level 4 of the Dungeon.
You visited 1 branch of the dungeon, and saw 4 of its levels.

You collected 102 gold pieces.

Inventory:

Hand Weapons
 a - a +1 war axe (weapon)
Armour
 b - a +0 scale mail (worn)
 c - a +0 kite shield (worn)
 f - a +2 cloak (worn)
Jewellery
 e - a ring of see invisible (left hand)
 i - a +4 ring of protection
Scrolls
 g - a scroll of blinking
 l - 2 scrolls of identify
 m - a scroll of torment {unknown}
Potions
 d - a potion of might
 h - 4 potions of curing
 j - a potion of resistance


   Skills:
 + Level 3.5 Fighting
 + Level 2.6 Axes
 + Level 3.7 Armour
 + Level 0.9 Dodging
 + Level 4.1 Shields


You had 3 spell levels left.
You didn't know any spells.
Your spell library contained the following spells:

 Spells                   Type           Power      Damage    Failure   Level
 Pain                     Necr           0%         1d4       99%         1
 Passage of Golubria      Tloc           N/A        N/A       100%        4
 Agony                    Necr           0%         N/A       100%        5
 Excruciating Wounds      Necr           0%         N/A       100%        5
 Silence                  Hex/Air        0%         N/A       100%        5
 Lehudib's Crystal Spear  Conj/Erth      0%         10d2      100%        8


Dungeon Overview and Level Annotations

Branches:
Dungeon (4/15)
 Temple: D:4-7

Altars:

Annotations:
D:4 Blork the orc


Innate Abilities, Weirdness & Mutations

You are immune to sickness and miasma.
Your stone body is resilient. (AC +3)
You are immune to poison.
You resist negative energy. (rN+)
You are resistant to electric shocks. (rElec)
You are resistant to unholy torment.
You are immune to petrification.


Message History

Blork the orc shouts!
Blork the orc screams, "I don't like you!"
Blork the orc zaps a wand.
The puff of flame hits you but does no damage.
Blork the orc barely misses you.
Blork the orc zaps a wand.
The puff of flame hits you but does no damage.
Blork the orc zaps a wand.
The puff of flame hits you but does no damage.
Blork the orc hits you but does no damage.
You hit Blork the orc but do no damage. You block Blork the orc's attack.
You slash Blork the orc!
Blork the orc is moderately wounded.
Blork the orc zaps a wand.
The puff of flame hits you but does no damage.
Blork the orc screams, "Die!"
You block Blork the orc's attack.
Your shield and scale mail prevent you from hitting Blork the orc.
Blork the orc is moderately wounded.
Blork the orc zaps a wand.
The puff of flame hits you! Blork the orc closely misses you.
You hit Blork the orc.
Blork the orc is moderately wounded.
You block Blork the orc's attack.
You completely miss Blork the orc.
Blork the orc is moderately wounded.
You hear the slow rusting of a drain nearby.
Blork the orc gestures at you while chanting.
The magic dart hits you.
Blork the orc points at you and mumbles some strange words.
The puff of flame hits you!
* * * LOW HITPOINT WARNING * * *
You hit Blork the orc.
Blork the orc is moderately wounded.
You block Blork the orc's attack.
You hit Blork the orc.
Blork the orc is heavily wounded.
You block Blork the orc's attack.
Blork the orc hits you with a +0 glaive!
You die...

,**,*,,,,**,****,*#,*#.,#..#**#.#
,**,*,,*,**,*,,,,,..##..#..####.#
,,,,,,,*,,,,,,,,,,......#.......#
,**,*,**,**,*,,,,,..##..#..#*#..#
,**,*,**,**,******#.##..#..###..#
,**,*,**,**,* #..............
,,,,,,,,,,*,* #.###....###..#
,,,,,,,#.##.#######.###....###...
,,,,,,,#........@o.............[.
***≈≈,,.....#######.###....###..#
≈≈≈≈,,,..#********#.# ##...# #...
≈≈≈,≈*,,,,,,,,,,,,..# #...# #...
******,*,,,,,,,,*##.# #...# #...
≈≈≈**,,,,,,,,,,,,*### #...# *,,,
∩,≈≈**,*,,*****,,******#...# *,*,
≈≈≈,,*,*,,* *,,,,,,,*#...# *,,,
***,,*,*,,*****,,,,,,,**,,,* *,*,


You could see Blork the orc.

Vanquished Creatures
  2 worms
  4 dart slugs
  2 orcs (D:3)
  4 ball pythons
  5 endoplasms
  6 hobgoblins
  6 jackals (D:1)
  A quokka (D:1)
  10 bats
  2 frilled lizards (D:1)
  5 goblins
  8 kobolds
  6 rats
61 creatures vanquished.

Notes
Turn   | Place    | Note
-------+----------+-------------------------------------------
     0 | D:1      | bande the Gargoyle Fighter began the quest for the Orb.
     0 | D:1      | Reached XP level 1. HP: 14/14 MP: 1/1
   329 | D:1      | Reached XP level 2. HP: 10/19 MP: 2/2
   770 | D:1      | Reached XP level 3. HP: 19/23 MP: 3/3
  1029 | D:1      | Reached skill level 4 in Shields
  1038 | D:1      | Found a faded altar of an unknown god.
  1748 | D:2      | Reached XP level 4. HP: 28/28 MP: 4/4
  2903 | D:4      | Noticed Blork the orc
  2918 | D:4      | Slain by Blork the orc

Illustrated notes

Levels and vault maps discovered:
D:1:      psy_arrival_dodecagon, layout_rooms,
          hellmonk_ecumenical_altar_leap_of_faith
D:2:      layout_loops_ring
D:3:      layout_loops_ring, st_stairs_3
D:4:      minmay_bubble_buster, layout_basic, nicolae_qazlal_scattered_showers,
          gup_sewer_entry_pipe, uniq_menkaure, uniq_blork_the_orc

Skill      XL: |  1  2  3 |
---------------+----------+-----
Axes           | 2 |  2.6
Shields        | 4 |  4.1
Fighting       | |  3.5
Armour         | |  3.7
Dodging        | |  0.9

Action                   |  1- 3 |  4- 6 || total
-------------------------+-------+-------++-------
Melee: War axe           |   130 |    44 ||   174
  Use: Scroll            |     7 |     2 ||     9
Armor: Scale mail        |    92 |    23 ||   115
Dodge: Dodged            |    67 |    12 ||    79
Block: Kite shield       |    79 |    25 ||   104

Table legend: (Time is in decaauts)
 A = Elapsed time spent in this place.
 B = Non-inter-level travel time spent in this place.
 C = Inter-level travel time spent in this place.
 D = Time resting spent in this place.
 E = Time spent auto-exploring this place.
 F = Levels seen in this place.
 G = Mean time per level.
                   A        B        C        D        E       F      G
               +--------+--------+--------+--------+--------+-----+--------+
         Total |   3023 |   2950 |     73 |    573 |   1787 |   4 |  755.8 |
       Dungeon |   3023 |   2950 |     73 |    573 |   1787 |   4 |  755.8 |
               +--------+--------+--------+--------+--------+-----+--------+

Top non-repeatable levels by time:
     D:1: 1177 daAuts
     D:3: 985 daAuts
     D:2: 808 daAuts
     D:4: 52 daAuts
